 Dungeon Crawl Stone Soup version 0.31-a0-148-gb92c8fe61f (webtiles) character file.

Game seed: 1451739718624903818

632 qw the Skirmisher (level 7, -2/61 HPs)
             Began as a Minotaur Hunter on June 7, 2023.
             Slain by an orc
             ... wielding a +0 dagger
              (3 damage)
             ... on level 5 of the Dungeon.
             The game lasted 00:01:36 (3268 turns).

qw the Skirmisher (Minotaur Hunter)                 Turns: 3268, Time: 00:01:37

Health: -2/61      AC:  6    Str: 15    XL:     7   Next: 24%
Magic:  6/6        EV: 12    Int:  6    God:
Gold:   279        SH:  0    Dex: 16    Spells: 6/6 levels left

rFire   + . .        Y - +0 shortbow
rCold   . . .        (shield currently unavailable)
rNeg    . . .        d - +2 leather armour {rF+}
rPois   .            (helmet restricted)
rElec   .            (no cloak)
rCorr   .            f - +0 pair of gloves
SInv    .            (no boots)
Will    .....        (no amulet)
Stlth   +            (no ring)
HPRegen 0.30/turn    (no ring)
MPRegen 0.10/turn

%: no passive effects
@: no status effects
A: horns 2, retaliatory headbutt
a: no special abilities


You were on level 5 of the Dungeon.
You visited 1 branch of the dungeon, and saw 5 of its levels.

You collected 279 gold pieces.


Innate Abilities, Weirdness & Mutations

You have a pair of horns on your head.
You reflexively headbutt those who attack you in melee.


   Skills:
 - Level 5.2 Fighting
 + Level 8.3 Ranged Weapons
 - Level 1.0 Armour
 - Level 3.1 Dodging
 - Level 0.7 Stealth


You had 6 spell levels left.
You didn't know any spells.
Your spell library was empty.

Inventory:

Hand Weapons
 Y - a +0 shortbow (weapon)
Armour
 d - a +2 leather armour of fire resistance (worn)
 f - a +0 pair of gloves (worn)
 j - a +3 leather armour
Scrolls
 i - a scroll of identify {unknown}
Potions
 a - 3 potions of curing
 b - a potion of lignification {unknown}
 c - 2 potions of brilliance {unknown}
 e - a potion of invisibility {unknown}
 h - a potion of enlightenment {unknown}
 m - a potion of haste {unknown}

Dungeon Overview and Level Annotations

Branches:
Dungeon (5/15)
 Temple: D:4-7

Altars:
Fedhas
Uskayaw
The Shining One

Annotations:
D:5 Menkaure, Sigmund


Message History

A scorpion comes into view.
The orc shouts!
Autopickup is now on.
Enter note: You shoot an arrow.
The orc wizard shouts!
The arrow hits the orc.
The orc is lightly wounded.
An orc comes into view.
It is wielding a +0 falchion and quivering boomerangs of dispersal.
You shoot an arrow. The arrow hits the orc.
The orc is severely wounded.
You shoot an arrow. The arrow barely misses the orc.
The orc hits you with a +0 dagger.
You shoot an arrow. The arrow barely misses the orc.
The orc priest miscasts a cantrip.
The orc hits you but does no damage.
You shoot an arrow. The arrow closely misses the orc.
The scorpion misses you. The orc priest barely misses you.
The orc completely misses you. The hound barely misses you.
The scorpion barely misses you.
You shoot an arrow. The arrow closely misses the orc.
The arrow hits the orc!
You kill the orc!
The hound bites you. The orc priest closely misses you.
The orc barely misses you.
The orc wizard gestures wildly while chanting.
The orc wizard flickers and vanishes!
Deactivating autopickup; reactivate with Ctrl-A.
The scorpion closely misses you. You furiously retaliate!
You headbutt the scorpion. The hound bites you.
You shoot an arrow. The arrow hits the orc.
The orc is almost dead.
The orc priest invokes the aid of Beogh against you.
You struggle to resist.
The orc closely misses you. The scorpion closely misses you.
The hound barely misses you.
You shoot an arrow. The arrow barely misses the orc.
The arrow closely misses the scorpion.
The hound bites you but does no damage.
The orc priest hits you with a +0 falchion.
The orc hits you with a +0 dagger.
You die...

.....##....#.#
.....##....#.#
........#
##...###..##%#
.........
.'...'...>...#
#........
##...#########
#........ #####
#........
#######so......
#
......hoo{.....
# ......s@# #
........# #
........# #
######### # #
####### #..%..#
#.###.#


You could see 2 scorpions, a hound, an orc priest and 2 orcs.

Vanquished Creatures
  A bullfrog (D:5)
  2 scorpions
  2 hounds (D:5)
  An orc priest (D:5)
  A gnoll bouda (D:4)
  A sleepcap (D:5)
  Terence (D:3)
  An iguana (D:5)
  An orc wizard (D:5)
  4 gnolls (D:4)
  8 adders
  3 worms
  3 dart slugs
  10 orcs
  6 bats
  5 endoplasms
  3 giant cockroaches
  7 goblins
  9 hobgoblins
  7 jackals
  9 kobolds
  5 quokkas
  12 ball pythons
  7 frilled lizards (D:1)
  2 rats
111 creatures vanquished.

Notes
Turn   | Place    | Note
-------+----------+-------------------------------------------
     0 | D:1      | qw the Minotaur Hunter began the quest for the Orb.
     0 | D:1      | Reached XP level 1. HP: 18/18 MP: 0/0
     0 | D:1      | 0 ||| qw: Version: 0.2-a-117-gc6b5c8b
     0 | D:1      | 0 ||| qw: Game counter: 2554
     0 | D:1      | 0 ||| qw: Always use a shield: true
     0 | D:1      | 0 ||| qw: God list: Okawaru
     0 | D:1      | 0 ||| qw: Allow faded altars: false
     0 | D:1      | 0 ||| qw: Do Orc after D:15 true
     0 | D:1      | 0 ||| qw: Do second Lair branch before Depths: true
     0 | D:1      | 0 ||| qw: Lair rune preference: random
     0 | D:1      | 0 ||| qw: Plans: Normal
     0 | D:1      | 0 ||| PLANNING D:1-11
     6 | D:1      | Noticed an iguana
     6 | D:1      | Noticed a tyrant leech
     6 | D:1      | Noticed a servant of whispers
     7 | D:1      | Noticed an ettin
   109 | D:1      | Reached XP level 2. HP: 25/25 MP: 1/1
   117 | D:1      | Reached skill level 5 in Ranged Weapons
   277 | D:1      | Reached skill level 3 in Fighting
   296 | D:1      | Found a faded altar of an unknown god.
   356 | D:1      | Reached XP level 3. HP: 31/31 MP: 2/2
   563 | D:1      | 563 ||| UPGRADING to +0 pair of gloves.
   568 | D:1      | 568 ||| UPGRADING to +0 ring mail.
   578 | D:1      | 578 ||| DROPPING +0 leather armour.
   579 | D:1      | 579 ||| READING scroll labelled YDOEFE SUAR.
   580 | D:1      | 580 ||| READING scroll labelled PANEYDGH BOOGEIRGH.
   581 | D:1      | 581 ||| READING scroll labelled EDOSADY WEOCK.
   582 | D:1      | 582 ||| DROPPING scroll of butterflies.
   681 | D:2      | Reached skill level 1 in Armour
   829 | D:2      | Reached XP level 4. HP: 38/38 MP: 3/3
   982 | D:2      | 982 ||| UPGRADING to +2 leather armour of fire resistance.
   992 | D:2      | 992 ||| DROPPING +0 ring mail.
   993 | D:2      | 993 ||| READING scroll labelled IMEXIO JUSHE.
   994 | D:2      | 994 ||| READING scroll labelled AMEARE EJUAW.
   995 | D:2      | 995 ||| DRINKING 2 emerald potions.
   996 | D:2      | 996 ||| DRINKING 2 green potions.
   997 | D:2      | 997 ||| DROPPING potion of attraction.
  1020 | D:3      | Reached skill level 6 in Ranged Weapons
  1474 | D:3      | Noticed Terence
  1482 | D:3      | Killed Terence
  1483 | D:3      | Reached XP level 5. HP: 47/47 MP: 4/4
  1530 | D:3      | Found a glowing golden altar of the Shining One.
  1697 | D:3      | Found a blossoming altar of Fedhas.
  1697 | D:3      | Found a hide-covered altar of Uskayaw.
  1814 | D:3      | 1814 ||| DROPPING ring of flight.
  1815 | D:3      | 1815 ||| READING scroll labelled QETUMU CUMI.
  1816 | D:3      | 1816 ||| READING scroll labelled UKYODO XULIN.
  1817 | D:3      | 1817 ||| READING 2 scrolls labelled LUILIA KAAPSUYCEZ.
  1820 | D:3      | 1820 ||| DRINKING 2 glowing red potions.
  1941 | D:4      | HP: 10/47 [gnoll/+0 spear[a gnoll bouda] (3)]
  1942 | D:4      | 1942 ||| READING scroll of teleportation.
  1943 | D:4      | 1943 ||| DRINKING potion of heal wounds.
  2145 | D:4      | 2145 ||| Stepping ~*~*~tactically~*~*~ (outnumbered).
  2150 | D:4      | 2150 ||| Stepping ~*~*~tactically~*~*~ (outnumbered).
  2356 | D:4      | Reached skill level 7 in Ranged Weapons
  2356 | D:4      | Reached XP level 6. HP: 45/53 MP: 5/5
  2605 | D:4      | Identified the +0 ring mail of Qiweo {*Slow +Inv rElec
                  | rN++}
  2906 | D:4      | 2906 ||| DROPPING +0 ring mail of Qiweo {*Slow +Inv rElec
                  | rN++}.
  2935 | D:5      | Entered Level 5 of the Dungeon
  3069 | D:5      | Reached skill level 8 in Ranged Weapons
  3185 | D:5      | Reached skill level 3 in Dodging
  3205 | D:5      | Reached XP level 7. HP: 58/60 MP: 6/6
  3244 | D:5      | Noticed Sigmund
  3254 | D:5      | Noticed Menkaure
  3256 | D:5      | HP: 10/61 [something (7)]
  3257 | D:5      | 3257 ||| READING scroll of teleportation.
  3259 | D:5      | 3259 ||| FLEEEEING.
  3260 | D:5      | 3260 ||| FLEEEEING.
  3263 | D:5      | HP: 7/61 [orc/+0 dagger (1)]
  3266 | D:5      | HP: 2/61 [hound (3)]
  3268 | D:5      | Slain by an orc

Levels and vault maps discovered:
D:1:      onia_arrival_zoo_common, layout_basic,
          hellmonk_ecumenical_altar_dog_temple, minmay_lizard_pond
D:2:      layout_rooms
D:3:      layout_loops_corners, tso_altar, gammafunk_temple_overflow_wave,
          minmay_ruptured, uniq_terence
D:4:      layout_basic
D:5:      layout_basic, uniq_duvessa, uniq_menkaure, uniq_sigmund

Skill      XL: |  1  2  3  4  5  6  7 |
---------------+----------------------+-----
Ranged Weapons | 5 6 7 8 |  8.3
Fighting       | 3 4 5 |  5.2
Armour         | 1 |  1.0
Dodging        | 3 |  3.1
Stealth        | |  0.7

Action                     |  1- 3 |  4- 6 |  7- 9 || total
---------------------------+-------+-------+-------++-------
   Fire: Shortbow          |   108 |   252 |    27 ||   387
    Use: Scroll            |     3 |     6 |     1 ||    10
         Potion            |       |     4 |       ||     4
 Armour: Leather armour    |     9 |    27 |     8 ||    44
         Ring mail         |    20 |     1 |       ||    21
  Dodge: Dodged            |    43 |    70 |    18 ||   131

Table legend:
 A = Non-vault XP
 B = Vault XP
 C = Vault XP percentage of total XP
 D = Non-vault monster count
 E = Vault monster count
 F = Vault count percentage of total count
                 A         B        C        D         E       F
            +---------+---------+-------+---------+---------+-------
      Total |     850 |      54 |   6.0 |      99 |      12 |  10.8
            +---------+---------+-------+---------+---------+-------
        D:1 |      35 |      12 |  25.5 |      24 |       8 |  25.0
        D:2 |      57 |       0 |   0.0 |      22 |       0 |   0.0
        D:3 |      66 |      42 |  38.9 |      16 |       4 |  20.0
        D:4 |     257 |       0 |   0.0 |      24 |       0 |   0.0
        D:5 |     435 |       0 |   0.0 |      13 |       0 |   0.0
            +---------+---------+-------+---------+---------+-------
